 Dungeon Crawl Stone Soup version 0.17-a0-1596-g1e86911 (webtiles) character file.

596444 Redz the Cloud Mage (level 26, -6/192 HPs)
             Began as a High Elf Air Elementalist on July 19, 2015.
             Was the Champion of Sif Muna.
             Killed from afar by an orb of fire (41 damage)
             ... with a fireball
             ... on level 4 of the Realm of Zot on July 30, 2015.
             The game lasted 15:52:08 (77359 turns).

Redz the Cloud Mage (High Elf Air Elementalist)    Turns: 77359, Time: 15:52:08

Health: -6/192     AC: 24    Str: 15    XL:     26   Next: 36%
Magic:  18/42      EV: 19    Int: 32    God:    Sif Muna [******]
Gold:   6411       SH: 11    Dex: 14    Spells: 12 memorised, 1 level left

rFire  + . .     SeeInvis .     O - staff of air
rCold  + + .     Clarity  .     N - +4 ring mail of the Okapi {rPois rC+ rN+++ Dex-3}
rNeg   + + +     SustAt   .     e - +3 buckler {reflect}
rPois  +         Gourm    .     g - +1 hat of a wizard's laboratory {rC+ Regen+ Int+2}
rElec  +         Spirit   .     y - +2 cloak {MR+}
rCorr  .         Warding  .     S - +2 pair of gloves "Muschith" {rC+ Str+2 Dex+3}
rMut   .         Stasis   .     Z - +2 pair of boots {run}
MR     +++..                    k - amulet of regeneration
Stlth  ++++......               v - ring "Dueraip" {Fire Str+4 Dex-5 Slay+2}
                                s - ring of wizardry

@: tornado, flying (expiring), quick, extremely resistant to hostile
enchantments, stealthy
A: fangs 1, low mp 1, robust 1, strong 1
a: Channel Energy, Forget Spell, Renounce Religion
}: 3/15 runes: barnacled, silver, gossamer


You were on level 4 of the Realm of Zot.
You worshipped Sif Muna.
Sif Muna was exalted by your worship.
You were not hungry.

You visited 10 branches of the dungeon, and saw 53 of its levels.
You visited 1 bazaar.
You also visited: Labyrinth, Sewer and Ice Cave.

You collected 9127 gold pieces.
You spent 2716 gold pieces at shops.

Inventory:

Armour
 e - a +3 buckler of reflection (worn)
 g - the +1 hat of a wizard's laboratory (worn) {rC+ Regen+ Int+2}
   (You acquired it on level 3 of the Lair of Beasts)

   It affects your intelligence (+2).
   It protects you from cold.
   It increases your rate of regeneration.
 y - a +2 cloak of magic resistance (worn)
 N - the +4 ring mail of the Okapi (worn) {rPois rC+ rN+++ Dex-3}
   (You found it on level 4 of the Vaults)

   It affects your dexterity (-3).
   It protects you from cold.
   It protects you from poison.
   It renders you almost immune to negative energy.
 S - the +2 pair of gloves "Muschith" (worn) {rC+ Str+2 Dex+3}
   (You found it on level 1 of the Depths)

   It affects your strength (+2).
   It affects your dexterity (+3).
   It protects you from cold.
 Z - a +2 pair of boots of running (worn)
Magical staves
 O - an uncursed staff of air (weapon)
Rods
 W - a +4 rod of inaccuracy (14/14)
   (You found it on level 8 of the Lair of Beasts)
Jewellery
 k - an amulet of regeneration (around neck)
 m - an uncursed amulet of stasis
 s - a ring of wizardry (left hand)
 v - the ring "Dueraip" (right hand) {Fire Str+4 Dex-5 Slay+2}
   (You took it off a deep elf sorcerer on level 3 of the Elven Halls)

   [ring of fire]

   It enhances your fire magic, and weakens your ice magic.
   It affects your strength (+4).
   It affects your dexterity (-5).
   It affects your accuracy and damage with ranged weapons and melee attacks
   (+2).
   It protects you from fire.
   It makes you vulnerable to cold.
 A - an uncursed ring of sustain attributes
 C - the ring of the Assorted Ghosts {SustAt SInv}
   (You found it on level 5 of the Vaults)

   [ring of sustain attributes]

   It sustains your strength, intelligence and dexterity.
   It lets you see invisible.
 J - an uncursed amulet of the gourmand
 R - an uncursed amulet of clarity
Magical devices
 z - a wand of digging (21)
 B - a wand of teleportation (4)
Scrolls
 a - 2 scrolls of holy word
 l - 5 scrolls of enchant armour
 p - 5 scrolls of teleportation
 r - 4 scrolls of blinking
 t - 4 scrolls of magic mapping
 x - 6 scrolls of fog
 G - 15 scrolls of identify
 H - 2 scrolls of fear
 I - 29 scrolls of remove curse
 P - 6 scrolls of recharging
Potions
 b - 2 potions of resistance
 d - 2 potions of cancellation
 h - 11 potions of haste
 j - 10 potions of agility
 n - a potion of magic
 o - 18 potions of curing
 w - 5 potions of heal wounds
 E - a potion of cure mutation
 Q - 9 potions of brilliance
 V - 5 potions of might
 X - 2 potions of berserk rage
 Y - 3 potions of invisibility
Books
 F - Sif Muna's Incunabulum of Augmentations and Unholy Secrets
   (Sif Muna gifted it to you on level 4 of the Realm of Zot)

   Spells                             Type                      Level
   a - Infusion                       Charms                       1
   b - Song of Slaying                Charms                       2
   c - Regeneration                   Charms/Necromancy            3
   d - Warp Weapon                    Charms/Translocation         5
   e - Excruciating Wounds            Charms/Necromancy            5
Miscellaneous
 D - 4 phantom mirrors
Comestibles
 c - 23 bread rations
 f - 33 fruits
 i - 16 meat rations
 q - 20 royal jellies
 u - 3 chunks of flesh


   Skills:
 - Level 13.0 Fighting
   Level 0.5 Long Blades
 - Level 10.0 Staves
 + Level 14.4 Armour
 - Level 14.0 Dodging
 - Level 12.0 Stealth
 + Level 15.5 Shields
 * Level 19.0 Spellcasting
 + Level 17.4 Conjurations
 - Level 6.0 Charms
 * Level 12.2 Translocations
 + Level 23.9 Air Magic
 - Level 0.1 Poison Magic
 * Level 14.0 Invocations
 - Level 8.0 Evocations


You had one spell level left.
You knew the following spells:

 Your Spells              Type           Power        Failure   Level  Hunger
a - Chain Lightning       Conj/Air       ########..   1%          8    #####..
b - Tornado               Air            ########..   7%          9    ######.
c - Summon Lightning Spi  Summ/Air       ########     1%          4    None
d - Conjure Ball Lightni  Conj/Air       ########..   1%          6    None
e - Passage of Golubria   Tloc           N/A          1%          4    None
f - Orb of Destruction    Conj           #######...   1%          7    ###....
g - Regeneration          Chrm/Necr      #####.....   1%          3    None
k - Swiftness             Chrm/Air       ########     0%          2    None
l - Cure Poison           Pois           ####......   1%          2    None
m - Deflect Missiles      Chrm/Air       ########..   1%          6    None
s - Iskenderun's Mystic   Conj           #######.     0%          4    None
w - Controlled Blink      Tloc           N/A          4%          7    ###....


Dungeon Overview and Level Annotations

Branches:
Dungeon (15/15)            Temple (1/1) D:4            Lair (8/8) D:9
 Shoals (4/4) Lair:3       Spider (4/4) Lair:4        Slime (0/6) Lair:7
    Orc (4/4) D:12            Elf (3/3) Orc:4        Vaults (5/5) D:13
  Crypt (0/3) Vaults:3     Depths (5/5) D:15            Zot (4/5) Depths:5

Altars:
Ashenzari
Cheibriados
Dithmenos
Elyvilon
Fedhas
Gozag
Kikubaaqudgha
Makhleb
Nemelex Xobeh
Okawaru
Qazlal
Ru
Sif Muna
Trog
Vehumet
Xom
Yredelemnul
Zin
The Shining One
Beogh
Jiyva

Shops:
D:5 :   D:8 %   D:13 [   D:14 !   D:15 }   Orc:4 =![(   Vaults:1 }   Vaults:3 =
Vaults:5 !

Portals:
Hell: Lair:8 Depths:1 Depths:2 Depths:3 Depths:4 Depths:5
Abyss: Depths:4
Pandemonium: Depths:3 Depths:4
Ziggurat: Depths:5

Annotations:
D:6 1 runed door
Depths:5 4 runed doors


Innate Abilities, Weirdness & Mutations

You have very sharp teeth.
Your magical capacity is low (-10% MP).
You are robust (+10% HP).
Your muscles are strong. (Str +2)


Message History

Aim: an orb of fire (moderately damaged)
The orb of fire glows red.
The fireball explodes!
The fireball engulfs you! You resist.
Casting: Orb of Destruction
Confirm with . or Enter, or press ? or * to list all spells.
Okay, then.
The orb of fire glows bright magenta.
Strange energies course through your body.
You feel less energetic.
Casting: Orb of Destruction
Confirm with . or Enter, or press ? or * to list all spells.
Aiming: Orb of Destruction
Press: ? - help, Shift-Dir - straight line, f/p - orb of fire
Aim: an orb of fire (moderately damaged)
The orb of fire glows deep purple.
The bolt of fire hits you! You resist.
* * * LOW HITPOINT WARNING * * *
The orb of fire glows red.
The fireball explodes!
The fireball engulfs you! You resist.
You die...

..... ## ..... ..#
.#### #### ... .#
.##...##.# .#
..*§§§§§§## ...
..8§§§8§§§# .#.. #
..*§§§§§§§# + .###
...8§§§8§§§# .# .# .
#...§§§*§@##..# .#
..#.##.§§##§#..#
.#####....#####.§§.#
###..###.........####
+....###.....###..
#......###'#####.#
###.(...........##<#.#
..#.............'...[#
#.#.............##.###


You could see an orb of fire.

Vanquished Creatures
  An ancient lich (Vaults:4)
  Sojobo (Depths:1)
  Boris (Vaults:5)
  A Killer Klown (Zot:2)
  5 caustic shrikes (Depths:3)
  Nikola (Shoals:3)
  6 golden dragons
  3 bone dragons
  Arachne (Spider:2)
  2 electric golems (Zot:2)
  Jorgrun (Elf:2)
  7 tentacled monstrosities
  2 titans
  Asterion (Elf:3)
  4 liches
  A deep elf blademaster (Elf:3)
  2 deep elf master archers (Elf:3)
  A quicksilver dragon (Vaults:5)
  5 sphinxes
  Polyphemus (Shoals:3)
  Frances (Spider:1)
  7 shadow dragons
  12 storm dragons
  2 draconian monks
  Ilsuiw (Shoals:4)
  4 tengu reavers
  10 frost giants
  A fire giant (shapeshifter) (Vaults:5)
  10 fire giants
  7 ghost moths
  Donald (Shoals:2)
  Maud (D:9)
  2 iron dragons (Zot:1)
  2 draconian knights
  5 draconian scorchers
  10 deep elf sorcerers
  An orc warlord (Orc:4)
  Louise (Spider:4)
  3 draconian shifters
  16 vault wardens
  9 draconian zealots
  2 ghouls (Vaults:1)
  9 emperor scorpions
  5 draconian annihilators
  18 stone giants
  A spriggan defender (Depths:3)
  A vampire knight (Depths:2)
  15 ironheart preservers
  A draconian caller (Depths:5)
  20 very ugly things
  10 green draconians
  3 salamander stormcallers (Vaults:5)
  5 deep elf demonologists
  7 black draconians
  6 white draconians
  12 mottled draconians
  12 deep elf annihilators
  10 purple draconians
  4 red draconians
  7 yellow draconians
  4 merfolk javelineers
  Snorg (Lair:6)
  13 ettins
  30 vault guards
  2 jiangshi (Depths:5)
  Erolcha (D:8)
  A crystal guardian (Vaults:5)
  3 deep elf death magi (Elf:3)
  11 merfolk impalers
  A large abomination (Vaults:5)
  5 minotaurs
  The ghost of stevs the Bludgeoner, a powerful KoAr of Nemelex Xobeh (Lair:7)
  12 fire dragons
  10 deep elf high priests
  3 death cobs
  5 great orbs of eyes
  12 yaktaur captains
  16 ice dragons
  8 entropy weavers
  4 rakshasas
  6 merfolk aquamancers (Shoals:4)
  15 ogre magi
  7 hydras
  A catoblepas (Shoals:3)
  4 alligator snapping turtles
  16 dancing weapons
  10 centaur warriors
  6 merfolk avatars
  3 satyrs
  3 vampire magi
  4 spriggan air magi
  14 deep troll shamans
  7 tengu warriors
  A queen ant (Spider:1)
  8 spriggan berserkers
  Urug (D:10)
  13 death yaks
  An orc high priest (Orc:4)
  Sonja (D:10)
  3 small abominations
  9 deep troll earth magi
  Nergalle (D:10)
  13 deep elf knights
  A sun demon (Lair:8)
  2 shock serpents (shapeshifter)
  7 hell knights
  2 fire crabs
  26 deep trolls
  11 iron trolls
  5 skeletal warriors
  An unseen horror (D:12)
  2 shadow wraiths
  A gelid demonspawn (Depths:3)
  18 sea snakes
  4 flayed ghosts
  15 deep elf summoners
  9 wizards
  3 swamp dragons (Zot:1)
  3 ice statues
  An unseen horror (shapeshifter) (Vaults:4)
  An obsidian statue (D:12)
  Pikel (D:4)
  4 giant orange brains
  14 orb spiders
  5 hornets
  15 ironbrand convokers
  A phantasmal warrior (Vaults:5)
  8 hill giants
  8 necromancers
  An anubis guard (shapeshifter) (Vaults:4)
  7 deep elf conjurers
  A moth of wrath (shapeshifter) (Vaults:5)
  61 ugly things
  3 cyclopes
  12 orc knights
  22 harpies
  31 wolf spiders
  A shining eye (Depths:5)
  A mana viper (shapeshifter) (Vaults:5)
  2 ball lightnings
  5 orc sorcerers
  10 fauns
  A wolf spider (shapeshifter) (Vaults:5)
  12 sirens
  A hornet (shapeshifter) (Depths:3)
  16 griffons
  A water nymph (shapeshifter) (Depths:3)
  4 water nymphs
  14 manticores
  A stone giant skeleton (Vaults:2)
  2 rust devils
  5 black mambas
  17 vault sentinels
  Joseph (D:7)
  12 elephants
  A frost giant skeleton (Vaults:2)
  17 moths of wrath
  3 orange demons
  2 torpor snails (Spider:1)
  21 spiny frogs
  A smoke demon (Lair:8)
  A hellion (Depths:3)
  A black mamba (shapeshifter) (Depths:3)
  14 demonic crawlers
  A spiny frog (shapeshifter) (Vaults:4)
  5 kobold demonologists
  2 komodo dragons
  An efreet (D:14)
  54 yaktaurs
  A fire drake (shapeshifter) (Vaults:2)
  A hellwing (Lair:8)
  A queen bee (Lair:6)
  4 fire drakes
  2 komodo dragons (shapeshifter)
  4 blue devils (Lair:8)
  20 polar bears (IceCv)
  4 red devils (Lair:8)
  12 deep elf priests
  4 tengu conjurers
  38 merfolk
  20 two-headed ogres
  20 blink frogs
  3 freezing wraiths
  Prince Ribbit (D:9)
  14 boulder beetles
  A raiju (shapeshifter) (Depths:4)
  8 slime creatures (Vaults:1)
  16 jumping spiders
  9 snapping turtles
  11 trolls
  12 wind drakes
  37 redbacks
  A wraith (D:12)
  19 trapdoor spiders
  3 shadows
  2 tarantellas (shapeshifter)
  13 spriggans
  62 yaks
  4 vampires (Vaults:1)
  12 air elementals
  25 deep elf magi
  2 hungry ghosts
  A wyvern (D:10)
  2 basilisks
  A basilisk (shapeshifter) (Depths:3)
  26 vampire mosquitoes
  Eustachio (D:4)
  33 tarantellas
  12 humans (Vaults:1)
  25 deep elf fighters
  6 water elementals
  Grum (D:8)
  An elf zombie (Vaults:2)
  A fire bat (shapeshifter) (Depths:2)
  A steam dragon (Lair:5)
  12 hippogriffs
  21 wolves
  15 insubstantial wisps
  9 wargs
  A warg (shapeshifter) (D:14)
  16 soldier ants
  Duvessa (D:4)
  11 water moccasins
  6 boggarts
  11 wasps
  11 porcupines
  15 ice beasts
  Purgy (Sewer)
  54 orc warriors
  2 slaves (D:4)
  4 black bears
  5 phantoms
  An ogre (shapeshifter) (Depths:5)
  3 necrophages (Vaults:1)
  2 sky beasts
  An ice beast (shapeshifter) (Vaults:5)
  The ghost of kinazarov the Skirmisher, an average HuAK of Lugonu (D:3)
  2 eyes of draining
  26 spiders
  An eye of draining (shapeshifter) (Vaults:3)
  41 ogres
  21 centaurs
  3 big kobolds
  15 crocodiles
  Blork the orc (D:6)
  A brain worm (Lair:5)
  A wyvern zombie (D:13)
  Dowan (D:4)
  19 giant frogs
  A scorpion (shapeshifter) (Vaults:2)
  7 scorpions
  A wyvern skeleton (D:14)
  42 killer bees
  13 wights
  8 electric eels
  8 crimson imps
  A giant frog zombie (D:8)
  5 centaur zombies
  A quasit (D:8)
  4 lava snakes (Lab)
  8 hounds
  A giant frog skeleton (D:8)
  36 orc priests
  10 jellies
  45 orc wizards
  9 iguanas
  Terence (Vaults:1)
  A centaur skeleton (D:8)
  6 hell rats (Lair:8)
  48 worker ants
  33 sheep
  A killer bee zombie (D:8)
  A hound skeleton (D:9)
  2 hound zombies
  A worker ant zombie (D:10)
  7 gnolls
  52 river rats
  14 adders
  4 shadow imps
  2 giant eyeballs (Depths:5)
  5 oozes (D:10)
  2 worms
  4 adder skeletons
  7 giant geckos
  240 orcs
  2 ball pythons (Sewer)
  12 bats
  7 giant cockroaches
  21 hobgoblins
  26 jackals
  7 quokkas
  9 giant newts
  21 goblins
  19 kobolds
  A quokka zombie (D:6)
  19 rats
  A butterfly (D:6)
  4 crawling corpses (Vaults:5)
  7 fungi
  23 plants
2769 creatures vanquished.

Vanquished Creatures (collateral kills)
  Agnes (Vaults:1)
  A draconian knight (Zot:1)
  A frost giant (Depths:3)
  4 deep elf sorcerers (Elf:3)
  A draconian scorcher (Zot:1)
  A vault warden (Vaults:1)
  An ironheart preserver (Vaults:4)
  A very ugly thing (Depths:2)
  3 green draconians
  A deep elf demonologist (Elf:3)
  4 deep elf annihilators
  A purple draconian (Zot:1)
  A mottled draconian (Zot:1)
  2 merfolk javelineers (Shoals:3)
  A yaktaur captain (Depths:1)
  A minotaur (Vaults:1)
  A fire dragon (Depths:4)
  2 ettins
  2 merfolk impalers
  2 ogre magi
  An entropy weaver (Depths:3)
  A deep troll shaman (Depths:3)
  4 deep troll earth magi
  A spriggan berserker (Depths:5)
  5 hell knights
  3 deep elf knights
  An iron troll (Depths:1)
  A sea snake (Shoals:4)
  8 deep trolls
  2 orc knights
  2 deep elf summoners
  2 ironbrand convokers
  3 deep elf conjurers
  2 orb spiders
  A faun (Shoals:4)
  A necromancer (Vaults:1)
  A human zombie (Vaults:2)
  8 ugly things
  A manticore (Shoals:4)
  A wolf spider (Spider:2)
  6 ball lightnings
  2 griffons
  A harpy (Vaults:2)
  A torpor snail (Spider:2)
  4 vault sentinels
  5 yaktaurs
  A demonic crawler (Spider:3)
  A kobold demonologist (Vaults:3)
  4 jumping spiders
  A wind drake (Depths:1)
  A deep elf priest (Elf:2)
  3 two-headed ogres (Vaults:1)
  8 merfolk
  2 slime creatures (Vaults:1)
  A water elemental (Shoals:4)
  2 trapdoor spiders
  A wraith (Vaults:1)
  A tarantella (Spider:2)
  2 humans (Vaults:1)
  8 redbacks
  2 deep elf magi
  12 deep elf fighters
  A porcupine (shapeshifter) (Depths:4)
  A warg (Vaults:2)
  2 soldier ants (Spider:1)
  3 orc warriors
  4 spiders
  4 ogres
  2 necrophages (Vaults:1)
  A boggart (Vaults:1)
  2 centaurs (Shoals:4)
  A big kobold (Vaults:1)
  A human simulacrum (Vaults:2)
  A scorpion (Spider:2)
  A killer bee (D:9)
  5 worker ants
  5 orcs
  A kobold (Vaults:2)
  A plant (Shoals:4)
186 creatures vanquished.

Vanquished Creatures (others)
  A deep elf master archer (Elf:3)
  2 draconian zealots
  2 stone giants
  3 yaktaur captains
  An entropy weaver (Depths:5)
  2 centaur warriors
  An anaconda (shapeshifter) (Vaults:5)
  A satyr (Shoals:4)
  A deep elf conjurer (Elf:2)
  706 ball lightnings
  4 yaktaurs
  A merfolk (Shoals:1)
  A redback (Spider:4)
  A human (shapeshifter) (Depths:3)
  An ogre (Vaults:5)
  A giant frog skeleton (D:4)
  An orc wizard (D:4)
  2 orcs
  A giant cockroach (D:4)
  16 fungi
  24 plants
773 creatures vanquished.

Grand Total: 3728 creatures vanquished

Notes
Turn   | Place    | Note
--------------------------------------------------------------
     0 | D:1      | Redz the High Elf Air Elementalist began the quest for the Orb.
     0 | D:1      | Reached XP level 1. HP: 11/11 MP: 4/4
   437 | D:1      | Reached XP level 2. HP: 15/18 MP: 1/6
   471 | D:1      | Reached skill level 1 in Fighting
  1048 | D:2      | Reached XP level 3. HP: 23/23 MP: 5/8
  1420 | D:2      | Learned a level 3 spell: Static Discharge
  1535 | D:2      | Learned a level 2 spell: Swiftness
  1557 | D:3      | Noticed kinazarov's ghost (average HuAK)
  1690 | D:3      | Reached XP level 4. HP: 25/29 MP: 9/9
  1780 | D:3      | Found a faded altar to an unknown god.
  1842 | D:3      | Found a sacrificial altar of Ru.
  1860 | D:3      | Reached skill level 4 in Air Magic
  2011 | D:3      | Found a shadowy altar of Dithmenos.
  2011 | D:3      | Found an ancient bone altar of Kikubaaqudgha.
  2144 | D:3      | Found a glowing drain.
  2148 | Sewer    | Entered a sewer
  2301 | Sewer    | Noticed Purgy
  2527 | Sewer    | Killed Purgy
  2527 | Sewer    | Reached XP level 5. HP: 32/36 MP: 1/11
  2720 | D:3      | Reached XP level 6. HP: 40/42 MP: 2/12
  3121 | D:3      | Killed kinazarov's ghost
  3303 | D:4      | Noticed Duvessa
  3303 | D:4      | Noticed Dowan
  3325 | D:4      | Noticed Pikel
  3365 | D:4      | Killed Pikel
  3365 | D:4      | Reached skill level 5 in Air Magic
  3365 | D:4      | Reached XP level 7. HP: 31/49 MP: 1/14
  3545 | D:4      | Reached skill level 5 in Fighting
  3615 | D:4      | Noticed Eustachio
  3625 | D:4      | Learned a level 2 spell: Repel Missiles
  3770 | D:4      | Reached XP level 8. HP: 50/55 MP: 10/16
  3857 | D:4      | Killed Duvessa
  3863 | D:4      | Killed Dowan
  3863 | D:4      | Reached skill level 5 in Spellcasting
  3863 | D:4      | Reached skill level 6 in Air Magic
  3978 | D:4      | Found a staircase to the Ecumenical Temple.
  3993 | Temple   | Entered the Ecumenical Temple
  4054 | Temple   | Became a worshipper of Sif Muna the Loreminder
  4475 | D:5      | Entered Level 5 of the Dungeon
  4853 | D:5      | Found Ankutea's Book Shop.
  5009 | D:5      | Reached skill level 5 in Dodging
  5167 | D:6      | Learned a level 3 spell: Mephitic Cloud
  5170 | D:6      | Learned a level 2 spell: Cure Poison
  5179 | D:6      | Noticed Blork the orc
  5200 | D:6      | Killed Blork the orc
  5275 | D:6      | Found a blossoming altar of Fedhas.
  5322 | D:6      | Reached skill level 1 in Staves
  5464 | D:6      | Found a runed door.
  5484 | D:6      | Reached XP level 9. HP: 62/62 MP: 10/18
  5495 | D:6      | Found a runed door.
  5545 | D:6      | Reached skill level 1 in Armour
  5588 | D:6      | Reached skill level 7 in Air Magic
  5690 | D:6      | Reached skill level 5 in Conjurations
  5984 | D:6      | Acquired Sif Muna's first power
  5985 | D:6      | Found a shattered altar of Ashenzari.
  6180 | D:6      | Found a bloodstained altar of Trog.
  6180 | D:6      | Found a shimmering altar of Xom.
  6289 | D:7      | Noticed Joseph
  7365 | D:8      | Noticed Grum
  7405 | D:8      | Killed Grum
  7405 | D:8      | Reached skill level 5 in Stealth
  7668 | D:8      | Found Ifuy's Food Shoppe.
  7691 | D:8      | Learned a level 5 spell: Lightning Bolt
  7722 | D:8      | Noticed Erolcha
  7997 | D:8      | Reached XP level 10. HP: 69/69 MP: 10/20
  8180 | D:9      | Noticed Prince Ribbit
  8194 | D:9      | Killed Prince Ribbit
  8735 | D:7      | Reached skill level 8 in Air Magic
  8751 | D:7      | Killed Joseph
  8751 | D:7      | Acquired Sif Muna's second power
  8878 | D:8      | Killed Erolcha
  8878 | D:8      | Reached skill level 1 in Invocations
  9198 | D:8      | Noticed a tengu warrior
  9780 | D:9      | Found a burning altar of Makhleb.
 10207 | D:9      | Found a staircase to the Lair.
 10251 | D:9      | Found an opulent altar of Gozag.
 10251 | D:9      | Found a glowing silver altar of Zin.
 10367 | D:9      | Reached XP level 11. HP: 75/75 MP: 11/23
 10546 | D:10     | Entered Level 10 of the Dungeon
 10546 | D:10     | Noticed Maud
 10561 | D:9      | Killed Maud
 10561 | D:9      | Reached skill level 9 in Air Magic
 10682 | D:10     | Noticed Sonja
 10932 | D:4      | Killed Eustachio
 11084 | D:4      | Found a white marble altar of Elyvilon.
 11322 | D:10     | Noticed Nergalle
 11656 | D:10     | Killed Nergalle
 11779 | D:10     | Found a sacrificial altar of Ru.
 11899 | D:10     | Noticed Urug
 12441 | D:10     | Noticed a hill giant
 12486 | D:10     | Killed a hill giant
 12499 | D:9      | Upgraded the game from 0.17-a0-1550-g78a4890 to 0.17-a0-1558-g9d24de5
 12514 | D:10     | Noticed a hill giant
 12524 | D:10     | Killed a hill giant
 12556 | D:10     | Killed Urug
 12567 | D:11     | Noticed a centaur warrior
 13003 | D:10     | Killed Sonja
 13003 | D:10     | Reached skill level 5 in Staves
 13204 | D:11     | Noticed a hill giant
 13261 | D:11     | Reached skill level 10 in Air Magic
 13354 | D:11     | Killed a hill giant
 13354 | D:11     | Reached XP level 12. HP: 84/84 MP: 8/26
 13646 | D:10     | Killed a centaur warrior
 13646 | D:10     | Acquired Sif Muna's third power
 14394 | D:11     | Gained mutation: Scrolls take you a little longer to read. [potion of mutation]
 14394 | D:11     | Gained mutation: You occasionally shout uncontrollably at your foes. [potion of mutation]
 14394 | D:11     | Gained mutation: You are partially covered in icy blue scales (AC +1). [potion of mutation]
 14762 | D:12     | Reached skill level 5 in Invocations
 14893 | D:12     | Found a staircase to the Orcish Mines.
 14898 | D:12     | Reached skill level 5 in Armour
 15010 | D:12     | Reached skill level 10 in Spellcasting
 15514 | Orc:1    | Entered Level 1 of the Orcish Mines
 15517 | Orc:1    | Reached skill level 11 in Air Magic
 17480 | D:5      | Bought a book of Power for 495 gold pieces
 17486 | D:5      | Learned a level 4 spell: Iskenderun's Mystic Blast
 17793 | Orc:3    | Found a roughly hewn altar of Beogh.
 18358 | Orc:4    | Entered Level 4 of the Orcish Mines
 18358 | Orc:4    | Found a labyrinth entrance.
 18381 | Lab      | Entered a labyrinth
 18707 | Lab      | Noticed a minotaur
 18737 | Lab      | Killed a minotaur
 18755 | Lab      | Got a distressingly furry chain mail
 18966 | Orc:4    | Noticed an orc warlord
 19086 | Orc:4    | Reached XP level 13. HP: 90/90 MP: 17/28
 19584 | Orc:4    | Killed an orc warlord
 19892 | Orc:4    | Found a staircase to the Elven Halls.
 19972 | Orc:4    | Found a roughly hewn altar of Beogh.
 19986 | Orc:4    | Found Mufomef's Jewellery Shoppe.
 20050 | Orc:4    | Found a roughly hewn altar of Beogh.
 20102 | Orc:4    | Found a roughly hewn altar of Beogh.
 20179 | Orc:4    | Found a roughly hewn altar of Beogh.
 20199 | Orc:4    | Found Cougezij's Distillery.
 20207 | Orc:4    | Bought a potion of cure mutation for 385 gold pieces
 20207 | Orc:4    | Lost mutation: You occasionally shout uncontrollably at your foes. [potion of cure mutation]
 20207 | Orc:4    | Lost mutation: Scrolls take you a little longer to read. [potion of cure mutation]
 20207 | Orc:4    | Lost mutation: You are partially covered in icy blue scales (AC +1). [potion of cure mutation]
 20378 | Orc:4    | Found a roughly hewn altar of Beogh.
 20598 | Orc:4    | Found a roughly hewn altar of Beogh.
 20598 | Orc:4    | Found Quchoeci's Antique Weapon Shop.
 20602 | Orc:4    | Found Oschuuts's Antique Armour Boutique.
 20607 | Orc:4    | Bought a twisted leather armour for 224 gold pieces
 20941 | D:13     | Found Woihyp's Antique Armour Boutique.
 20949 | D:13     | Bought a wizard robe for 153 gold pieces
 20949 | D:13     | Bought a pair of glowing boots for 121 gold pieces
 20959 | D:13     | Identified the +1 leather armour of the Black Moon {rN+ MR- Int+5 Slay-5} (You bought it in a shop on level 4 of the Orcish Mines)
 20971 | D:13     | Identified the +1 robe of Wonder {*Contam Regen+ Str+3 Dex+4} (You bought it in a shop on level 13 of the Dungeon)
 20977 | D:13     | Identified a +1 pair of boots of running (You bought it in a shop on level 13 of the Dungeon)
 21241 | D:13     | Found a gate to the Vaults.
 21554 | D:14     | Found a basalt altar of Yredelemnul.
 21713 | D:14     | Found Wahu's Distillery.
 21718 | D:14     | Bought a potion of heal wounds for 80 gold pieces
 21718 | D:14     | Bought 2 potions of heal wounds for 160 gold pieces
 21752 | D:14     | Reached skill level 1 in Evocations
 21866 | D:14     | Got a shimmering leather armour
 21868 | D:14     | Identified the +3 leather armour of Anaesthesia {rPois rF+ rCorr Dex+3} (You found it on level 14 of the Dungeon)
 21889 | D:14     | Reached skill level 12 in Air Magic
 21965 | D:14     | Received a gift from Sif Muna
 21966 | D:14     | Identified Sif Muna's Advanced Guide to Witchery (Sif Muna gifted it to you on level 14 of the Dungeon)
 22729 | D:15     | Entered Level 15 of the Dungeon
 22842 | D:15     | Found a shadowy altar of Dithmenos.
 22850 | D:15     | Reached XP level 14. HP: 98/98 MP: 0/30
 23170 | D:15     | Noticed a frost giant
 23174 | D:15     | Killed a frost giant
 23174 | D:15     | Reached skill level 10 in Fighting
 23389 | D:15     | Found a staircase to the Depths.
 23677 | D:15     | Found Amarymak's Gadget Boutique.
 24249 | Lair:1   | Entered Level 1 of the Lair of Beasts
 25440 | Lair:2   | Found a shimmering altar of Xom.
 26124 | Lair:3   | Reached skill level 10 in Conjurations
 26129 | Lair:3   | Got a slimy ring mail
 26135 | Lair:3   | Identified the +1 ring mail "Akingipi" {Regen+ rCorr Str+3 Int+4} (You found it on level 3 of the Lair of Beasts)
 26328 | Lair:3   | Found a staircase to the Shoals.
 26473 | Lair:3   | Reached skill level 10 in Dodging
 27213 | Lair:3   | Identified 3 scrolls of acquirement
 27227 | Lair:3   | Got a warped crystal plate armour
 27229 | Lair:3   | Got a spiked hat
 27235 | Lair:3   | Identified the +1 hat of a wizard's laboratory {rC+ Regen+ Int+2} (You acquired it on level 3 of the Lair of Beasts)
 27245 | Lair:3   | Identified the +1 crystal plate armour of Gallantry {+Blink} (You acquired it on level 3 of the Lair of Beasts)
 27726 | Lair:4   | Reached skill level 1 in Shields
 28346 | Lair:4   | Found a hole to the Spider Nest.
 29557 | Lair:5   | Reached skill level 5 in Shields
 29583 | Lair:6   | Noticed Snorg
 29588 | Lair:6   | Killed Snorg
 29601 | Lair:5   | Reached XP level 15. HP: 87/103 MP: 1/31
 29924 | Lair:6   | Got a warped chain mail
 29925 | Lair:6   | Identified the +0 chain mail "Oliy" {rPois rN+ rCorr Dex+2} (You found it on level 6 of the Lair of Beasts)
 30947 | Lair:7   | Found a frozen archway.
 30969 | IceCv    | Entered an ice cave
 31585 | IceCv    | Got a vibrating bronze ring
 32022 | Lair:8   | Entered Level 8 of the Lair of Beasts
 32075 | Lair:7   | Noticed stevs's ghost (powerful KoAr)
 32083 | Lair:7   | Killed stevs's ghost
 32127 | Lair:6   | Identified the ring of Vanity {AC+1 Dex+2} (You took it off a frost giant in an ice cave)
 32728 | Lair:7   | Found a viscous altar of Jiyva.
 32728 | Lair:7   | Found a staircase to the Slime Pits.
 32996 | Lair:8   | Received a gift from Sif Muna
 32999 | Lair:8   | Identified Sif Muna's Grimoire of Battle Magic and the Arsonist (Sif Muna gifted it to you on level 8 of the Lair of Beasts)
 33023 | Lair:7   | Reached skill level 13 in Air Magic
 33414 | Lair:8   | Reached skill level 5 in Evocations
 33417 | Lair:8   | Reached XP level 16. HP: 111/111 MP: 21/33
 33529 | Lair:8   | Found a sacrificial altar of Ru.
 34071 | Lair:8   | Found a burning altar of Makhleb.
 34169 | Lair:8   | Found a gateway to Hell.
 34180 | Lair:8   | Identified a +4 rod of inaccuracy (14/14) (You found it on level 8 of the Lair of Beasts)
 34488 | Shoals:1 | Entered Level 1 of the Shoals
 34917 | Shoals:1 | Found a runed door.
 35864 | Shoals:2 | HP: 5/112 [merfolk/trident (15)]
 36285 | Shoals:1 | Identified a +2 pair of boots of running (You found it on level 1 of the Shoals)
 37278 | Shoals:3 | Reached skill level 10 in Stealth
 37280 | Shoals:3 | Noticed Donald
 37335 | Shoals:2 | Killed Donald
 37388 | Shoals:3 | Noticed Polyphemus
 37392 | Shoals:3 | Killed Polyphemus
 37392 | Shoals:3 | Reached XP level 17. HP: 117/117 MP: 8/34
 37563 | Shoals:2 | Reached skill level 14 in Air Magic
 37608 | Shoals:3 | Noticed Nikola
 37618 | Shoals:3 | Killed Nikola
 37803 | Shoals:3 | Received a gift from Sif Muna
 37804 | Shoals:3 | Identified Sif Muna's Handbook of Confrontation (Sif Muna gifted it to you on level 3 of the Shoals)
 37813 | Shoals:3 | Learned a level 6 spell: Conjure Ball Lightning
 37815 | Shoals:3 | Learned a level 1 spell: Apportation
 37823 | Shoals:3 | Learned a level 4 spell: Summon Lightning Spire
 37832 | Shoals:3 | Learned a level 7 spell: Orb of Destruction
 38137 | Shoals:3 | Got a bloodstained ring mail
 38138 | Shoals:3 | Identified the cursed +0 ring mail "Maiqat" {*Drain rElec Str-4 SInv} (You found it on level 3 of the Shoals)
 38337 | Shoals:4 | Entered Level 4 of the Shoals
 38419 | Shoals:4 | Upgraded the game from 0.17-a0-1558-g9d24de5 to 0.17-a0-1562-g9b2c768
 38511 | Shoals:4 | Reached skill level 1 in Translocations
 38782 | Shoals:4 | Noticed Ilsuiw
 38790 | Shoals:4 | Killed Ilsuiw
 39133 | Shoals:4 | Got a barnacled rune of Zot
 40033 | Shoals:3 | Upgraded the game from 0.17-a0-1562-g9b2c768 to 0.17-a0-1591-g7a45446
 40353 | Elf:1    | Entered Level 1 of the Elven Halls
 40564 | Elf:1    | Noticed a Hell Sentinel
 40579 | Elf:1    | Reached skill level 10 in Invocations
 40666 | Elf:1    | Identified the Tome of the Escort
 41498 | Elf:2    | Reached XP level 18. HP: 107/124 MP: 30/36
 41731 | Elf:2    | Found a runed gate.
 41731 | Elf:2    | Found a runed gate.
 41731 | Elf:2    | Found a runed gate.
 41792 | Elf:2    | Received a gift from Sif Muna
 42402 | Elf:2    | Noticed Jorgrun
 42654 | Elf:2    | Reached skill level 15 in Air Magic
 42665 | Elf:2    | Killed Jorgrun
 43112 | Elf:3    | Entered Level 3 of the Elven Halls
 43451 | Elf:3    | Found a gateway to a bazaar.
 43596 | Elf:3    | Got an iridescent hand crossbow
 43597 | Elf:3    | Identified the cursed +1 hand crossbow of Extremism {freeze, rElec MR+ Str-2} (You found it on level 3 of the Elven Halls)
 43685 | Elf:3    | Learned a level 4 spell: Passage of Golubria
 44568 | Elf:3    | Noticed Asterion
 44752 | Elf:3    | Reached XP level 19. HP: 131/131 MP: 29/37
 44774 | Elf:3    | Killed Asterion
 44956 | Elf:3    | Got a glittering silver ring
 44964 | Elf:3    | Identified the ring "Dueraip" {Fire Str+4 Dex-5 Slay+2} (You took it off a deep elf sorcerer on level 3 of the Elven Halls)
 45200 | Elf:3    | Identified the Handbook of Talismans
 45239 | Elf:3    | Identified Lehudib's Catalogue of Stones (You found it on level 3 of the Elven Halls)
 45242 | Elf:3    | Got a smoking leather armour
 45279 | Elf:3    | Identified the Almanac of Mutagenic Good Luck
 45295 | Elf:3    | Identified the +3 leather armour of Bedevilment {SInv} (You found it on level 3 of the Elven Halls)
 45420 | Bazaar   | Entered a bazaar
 45420 | Bazaar   | Found Muvibudu's General Store.
 45420 | Bazaar   | Found Boqa's Antique Armour Boutique.
 45425 | Bazaar   | Found Ifil's Assorted Antiques.
 45431 | Bazaar   | Found Umaykyigg's Antique Weapon Shop.
 45466 | Bazaar   | Found Yvim's Antique Armour Emporium.
 45906 | Spider:1 | Entered Level 1 of the Spider Nest
 45966 | Spider:1 | Noticed Frances
 45981 | Spider:1 | Killed Frances
 45981 | Spider:1 | Received a gift from Sif Muna
 45981 | Spider:1 | Reached skill level 1 in Charms
 45983 | Spider:1 | Identified Sif Muna's Reference Book on Flying Confrontation (Sif Muna gifted it to you on level 1 of the Spider Nest)
 46308 | Spider:1 | Reached skill level 10 in Shields
 47009 | Spider:2 | Noticed Arachne
 47234 | Spider:2 | Killed Arachne
 47326 | Spider:2 | Reached skill level 5 in Translocations
 48553 | Spider:3 | Reached skill level 16 in Air Magic
 48904 | Spider:4 | Entered Level 4 of the Spider Nest
 50569 | Orc:4    | Bought the ring "Lyseicey" {+Fly Slay+3 SInv} for 623 gold pieces
 51006 | Spider:4 | Reached XP level 20. HP: 117/138 MP: 17/38
 51410 | Spider:4 | Reached skill level 10 in Armour
 51628 | Spider:4 | Got a gossamer rune of Zot
 51707 | Spider:4 | Noticed Louise
 51728 | Spider:4 | Killed Louise
 51728 | Spider:4 | Reached skill level 10 in Staves
 52122 | Vaults:1 | Entered Level 1 of the Vaults
 52503 | Vaults:1 | Received a gift from Sif Muna
 52651 | Vaults:1 | Learned a level 6 spell: Deflect Missiles
 52909 | Vaults:1 | Noticed Agnes
 52977 | Vaults:1 | Killed Agnes
 53023 | Vaults:1 | Killed Terence
 53614 | Vaults:1 | Identified Sif Muna's Papyrus of Air (Sif Muna gifted it to you on level 1 of the Vaults)
 53707 | Vaults:1 | Found Usuboimn's Gadget Shoppe.
 54960 | Vaults:2 | Reached skill level 17 in Air Magic
 55080 | Vaults:2 | Reached skill level 5 in Charms
 55903 | Vaults:2 | Received a gift from Sif Muna
 55903 | Vaults:2 | Reached skill level 15 in Conjurations
 55903 | Vaults:2 | Reached XP level 21. HP: 145/145 MP: 19/40
 55904 | Vaults:2 | Identified Sif Muna's Disquisition on Frigorific Attacks (Sif Muna gifted it to you on level 2 of the Vaults)
 57071 | Vaults:3 | Found Soylyziec's Jewellery Shoppe.
 57309 | Vaults:3 | Bought an uncursed ring of wizardry for 330 gold pieces
 57312 | Vaults:3 | Upgraded the game from 0.17-a0-1591-g7a45446 to 0.17-a0-1596-g1e86911
 57336 | Vaults:3 | Reached skill level 18 in Air Magic
 57708 | Vaults:3 | Found a staircase to the Crypt.
 58175 | Vaults:4 | Got a slimy ring mail
 58937 | Vaults:4 | Reached skill level 19 in Air Magic
 59001 | Vaults:4 | Got a heavily runed ring mail
 59002 | Vaults:4 | Identified the cursed +0 ring mail of Atheism {*Confuse rC+ MR+} (You found it on level 4 of the Vaults)
 59004 | Vaults:4 | Identified the +4 ring mail of the Okapi {rPois rC+ rN+++ Dex-3} (You found it on level 4 of the Vaults)
 59124 | Vaults:4 | Received a gift from Sif Muna
 59125 | Vaults:4 | Identified Sif Muna's Handbook of Orientation (Sif Muna gifted it to you on level 4 of the Vaults)
 59961 | Depths:1 | Entered Level 1 of the Depths
 59966 | Depths:1 | Noticed Sojobo
 60389 | Depths:1 | Killed Sojobo
 60682 | Depths:1 | Reached XP level 22. HP: 147/152 MP: 26/41
 61308 | Depths:1 | Reached skill level 20 in Air Magic
 61980 | Depths:1 | Gained mutation: You have very sharp teeth. [potion of beneficial mutation]
 61984 | Depths:1 | Got a pair of translucent gloves
 61995 | Depths:1 | Identified the +2 pair of gloves "Muschith" {rC+ Str+2 Dex+3} (You found it on level 1 of the Depths)
 63339 | Depths:3 | Found a one-way gate leading to the halls of Pandemonium.
 63511 | Depths:3 | Received a gift from Sif Muna
 63511 | Depths:3 | Reached skill level 21 in Air Magic
 63512 | Depths:3 | Identified Sif Muna's Collected Works on Battle Magic (Sif Muna gifted it to you on level 3 of the Depths)
 64049 | Depths:3 | Reached XP level 23. HP: 110/157 MP: 26/42
 64063 | Depths:3 | Learned a level 9 spell: Tornado
 64785 | Depths:3 | Reached skill level 22 in Air Magic
 65246 | Lair:3   | Learned a level 8 spell: Chain Lightning
 65847 | Depths:4 | Received a gift from Sif Muna
 65848 | Depths:4 | Identified Sif Muna's Papyrus of Conjuration and the Volcanoes (Sif Muna gifted it to you on level 4 of the Depths)
 66013 | Depths:4 | Found a one-way gate to the infinite horrors of the Abyss.
 66181 | Depths:4 | Reached skill level 15 in Spellcasting
 66476 | Depths:5 | Entered Level 5 of the Depths
 66588 | Depths:5 | Learned a level 9 spell: Tornado
 67074 | Depths:5 | Found a gateway to a ziggurat.
 67087 | Depths:5 | Paralysed by a giant eyeball for 2 turns
 67093 | Depths:5 | Paralysed by a giant eyeball for 4 turns
 67115 | Depths:5 | Paralysed by a giant eyeball for 4 turns
 67467 | Depths:5 | Found a gate to the Realm of Zot.
 67686 | Depths:5 | Found a runed door.
 67686 | Depths:5 | Found a runed door.
 68077 | Depths:5 | Received a gift from Sif Muna
 68078 | Depths:5 | Identified Sif Muna's Volume of Attacks (Sif Muna gifted it to you on level 5 of the Depths)
 68391 | Depths:5 | Reached XP level 24. HP: 144/163 MP: 15/43
 68835 | Depths:5 | Found a runed door.
 68835 | Depths:5 | Found a runed door.
 68835 | Depths:5 | Found a runed door.
 68875 | Depths:5 | Found a runed door.
 69754 | Vaults:5 | Entered Level 5 of the Vaults
 69945 | Vaults:5 | Received a gift from Sif Muna
 70125 | Vaults:5 | Reached skill level 23 in Air Magic
 70126 | Vaults:5 | Noticed Boris
 70133 | Vaults:5 | Killed Boris
 70357 | Vaults:5 | Noticed an ancient lich
 70362 | Vaults:4 | Killed an ancient lich
 70401 | Vaults:5 | Received a gift from Sif Muna
 70402 | Vaults:5 | Identified Sif Muna's Volume of Attacks (Sif Muna gifted it to you on level 5 of the Vaults)
 70701 | Vaults:5 | Got a wavering iron ring
 70703 | Vaults:5 | Identified the ring of the Assorted Ghosts {SustAt SInv} (You found it on level 5 of the Vaults)
 70815 | Vaults:5 | Found Qucon's Distillery.
 70823 | Vaults:5 | Bought a potion of heal wounds for 65 gold pieces
 70851 | Vaults:5 | Reached XP level 25. HP: 169/169 MP: 37/45
 71103 | Vaults:5 | Got a silver rune of Zot
 71105 | Vaults:5 | Got a transparent leather armour
 72588 | D:14     | Bought a potion of heal wounds for 80 gold pieces
 72853 | Depths:5 | Received a gift from Sif Muna
 72854 | Depths:5 | Identified Sif Muna's Reference Book on the Voyage (Sif Muna gifted it to you on level 5 of the Depths)
 73339 | Vaults:4 | Learned a level 7 spell: Controlled Blink
 73891 | Zot:1    | Entered Level 1 of the Realm of Zot
 73912 | Zot:1    | Reached skill level 15 in Shields
 74032 | Zot:1    | Reached skill level 10 in Translocations
 74471 | Zot:1    | Identified the Papyrus of the Entourage
 74830 | Zot:1    | Gained mutation: Your muscles are strong. (Str +2) [potion of beneficial mutation]
 74831 | Zot:1    | Gained mutation: You are robust (+10% HP). [potion of beneficial mutation]
 74945 | Zot:1    | Identified Sif Muna's Catalogue of Feathers and Conjuration (You found it on level 1 of the Realm of Zot)
 75175 | Zot:1    | Received a gift from Sif Muna
 75176 | Zot:1    | Identified Sif Muna's Reference Book on Attacks (Sif Muna gifted it to you on level 1 of the Realm of Zot)
 75440 | Zot:1    | Identified the +1 leather armour "Nuseblo" {+Inv MR++ Int-4} (You found it on level 5 of the Vaults)
 76058 | Zot:2    | Reached XP level 26. HP: 192/192 MP: 25/46
 77271 | Zot:4    | Received a gift from Sif Muna
 77285 | Zot:4    | Identified Sif Muna's Incunabulum of Augmentations and Unholy Secrets (Sif Muna gifted it to you on level 4 of the Realm of Zot)
 77290 | Zot:4    | Learned a level 3 spell: Regeneration
 77351 | Zot:4    | Noticed an orb of fire
 77358 | Zot:4    | Gained mutation: Your magical capacity is low (-10% MP). [an orb of fire]
 77359 | Zot:4    | Killed from afar by an orb of fire

Vault maps used:
D:1:      dpeg_arrival_refuge
D:2:      first_bread
D:3:      overflow_temple_1_default, amethyst_overflow_temple_binary,
          serial_glass, glass_columns_b, glass_columns_b, glass_columns_b,
          glass_columns_a, glass_columns_a, glass_columns_b,
          gup_sewer_entry_spiral, ecumenical_altar_1
D:4:      black_bear_nest_2, kennysheep_little_box, minmay_temple_entry_hall,
          grunt_ministairs_12, minmay_misc_feat_more_columns, uniq_duvessa,
          uniq_eustachio, uniq_pikel
D:5:      serial_shops, shop, hangedman_decor_slide_cut
D:6:      lemuel_insect_pit, kennysheep_mini, fedhas_altar_2,
          gammafunk_temple_overflow_wave, uniq_blork_the_orc
D:7:      nicolae_whirlpool, uniq_joseph
D:8:      serial_shops, nicolae_shop_temple_entry_statues_fountains, uniq_grum,
          uniq_erolcha
D:9:      grunt_temple_overflow_gold_and_silver, old_standard_altar,
          lair_0_dummy, uniq_prince_ribbit1
D:10:     hangedman_little_slice_of_home, eino_small_chamber_without_monster,
          nicolae_ru_path_of_blood, uniq_nergalle, uniq_urug, uniq_maud,
          uniq_sonja
D:12:     minmay_separated_statues, david_orc_4, kennysheep_generic_room_13
D:13:     david_vaults_1, serial_shops, shop
D:14:     serial_shops, shop, yredelemnul_altar_generic
D:15:     grunt_enter_depths_snipers, nicolae_dithmenos_the_darkroom,
          serial_shops, shop, spider_trap
Temple:   minmay_temple_bridge_d_8
Lair:1:   grunt_megastairs_4, bh_autumn_forest_stairs
Lair:2:   basic_altar, serial_bayou_ford_a
Lair:3:   forest_paths, elwin_shoals_entry_stream
Lair:4:   spider_nest_entry_funnel_web, nicolae_quartered_pool_medium
Lair:5:   bobbens_dragon_lair_wall
Lair:6:   special_room, uniq_snorg
Lair:7:   dpeg_slime_entry_enclosed_altar, portal_ice_cave_entry_ice_beasts
Lair:8:   evil_forest, basic_altar, serial_bayou_lagoon_a, st_stairs_13,
          wad_woods_02
Shoals:1: lightli_airlock
Shoals:3: uniq_polyphemus, uniq_nikola, uniq_donald
Shoals:4: shoals_end_simple, shoals_ilsuiw_alternative
Spider:1: zaba_anthell, uniq_frances
Spider:2: spiders_nest_scorpion_pit, uniq_arachne
Spider:4: grunt_spider_rune_circles, spiders_nest_ghost_moth_duel, uniq_louise
Orc:3:    basic_altar, nicolae_orc_pool_cavern
Orc:4:    grunt_orc_community_town_hall, grunt_orc_community_big_house_2,
          grunt_orc_community_big_house_1, grunt_orc_community_house_1,
          grunt_orc_community_house_1, grunt_orc_community_house_3,
          grunt_orc_community_house_3, grunt_orc_community_house_1,
          grunt_orc_community_house_1, lab_entry_generic
Elf:1:    minmay_elf_demonology
Elf:2:    uniq_jorgrun
Elf:3:    minmay_elf_hall_four_x, serial_shops, statue_bzr, uniq_asterion
Vaults:1: v_misc_25, ontoclasm_vaults_ring_small, grunt_vaults_swirl,
          ontoclasm_vaults_twist, ontoclasm_vaults_spin, hangedman_vaults_nails,
          hangedman_vaults_stagger, nicolae_vaults_ring_of_whatevers,
          nicolae_vaults_little_squares_4, nicolae_vaults_little_squares_5,
          metal_show, v_misc_19, serial_shops, shop
Vaults:2: grunt_vaults_twisty, st_more_cells, nicolae_vaults_disjoint_gnomons,
          vaults_dpeg_doors, v_alt_pattern_2, ontoclasm_vaults_tryst,
          vaults_standard_mumra_enter_the_diamond,
          nicolae_vaults_little_squares_6, vaults_dpeg_hooks,
          vaults_room_corners
Vaults:3: v_alt_pattern_6, v_misc_2, hangedman_vaults_stretched_pinwheel,
          nicolae_vaults_theta, grunt_vaults_funnel, hangedman_vaults_capsules,
          hangedman_vaults_unwind, st_cells, vaults_room_pool, v_misc_2,
          minmay_crypt_entry_nasty_monster, serial_shops, shop
Vaults:4: v_misc_9, nicolae_vaults_twisting_passages, v_pattern_1,
          ontoclasm_vaults_eye, v_misc_11, vaults_dpeg_encased_lava,
          vaults_dpeg_ring, vaults_room_hangedman_quadrants
Vaults:5: uniq_boris
Depths:1: grunt_hell_entry_dis_mu, hangedman_decor_clover_reticule,
          aerie_lemuel, uniq_sojobo
Depths:2: evilmike_marble_ring, kennysheep_minor_cross,
          pf_hell_entry_tar_spiral, hangedman_abyss_or_decor_stabs
Depths:3: grunt_deathspiral_small, rand_demon_pan_entry_5,
          pf_hell_entry_great_geh, minmay_misc_feat_enclosed,
          basic_stair_grate_trap
Depths:4: evilmike_inaccessible_box, abyss_entry, minmay_misc_feat_iff,
          pan_entry, hell_entry
Depths:5: evilmike_zot_entry_castle, enter_ziggurat_d, nrook_pool_corridor,
          hell_entry
Zot:1:    st_large_dragon_hoard_3
Zot:2:    st_stairs_12
Zot:4:    grunt_megastairs_2
Lab:      labyrinth_mini_lab, labyrinth_glass_1, lab_statue,
          nicolae_lab_quarters, labyrinth_lava_lair, labyrinth_skeletal_remains,
          nicolae_lab_very_dead_end, nicolae_lab_stuck
Bazaar:   bazaar_kb_twisted_cavern
Sewer:    sewer_co_purgy_island
IceCv:    ice_cave_caverns_01

Action                   |  1- 3 |  4- 6 |  7- 9 | 10-12 | 13-15 | 16-18 | 19-21 | 22-24 | 25-27 || total
-------------------------+-------+-------+-------+-------+-------+-------+-------+-------+-------++-------
Melee: Dagger            |    27 |       |       |       |       |       |       |       |       ||    27
       Unarmed           |     1 |       |       |     1 |       |       |       |       |       ||     2
       Rapier            |       |    16 |       |       |       |       |       |       |       ||    16
       Short sword       |       |    11 |    30 |       |       |       |       |       |       ||    41
       Falchion          |       |       |    80 |   154 |       |       |       |       |       ||   234
       Staff             |       |       |       |   173 |   168 |   253 |   277 |   300 |   117 ||  1288
 Cast: Shock             |    80 |   100 |   259 |   412 |   157 |     2 |       |       |       ||  1010
       Static Discharge  |       |     1 |     6 |     8 |     5 |    12 |     3 |       |       ||    35
       Repel Missiles    |       |       |     1 |     2 |     1 |     2 |       |       |       ||     6
       Mephitic Cloud    |       |       |    17 |    23 |     1 |     1 |       |       |       ||    42
       Cure Poison       |       |       |     1 |     3 |     2 |     2 |     3 |       |       ||    11
       Lightning Bolt    |       |       |       |   277 |   660 |   528 |   401 |   201 |       ||  2067
       Swiftness         |       |       |       |     6 |     2 |       |       |       |       ||     8
       Iskenderun's Myst |       |       |       |    21 |   115 |    70 |    11 |    51 |    29 ||   297
       Summon Lightning  |       |       |       |       |       |    76 |   110 |    47 |     3 ||   236
       Conjure Ball Ligh |       |       |       |       |       |    39 |   177 |    34 |     1 ||   251
       Orb of Destructio |       |       |       |       |       |    15 |    56 |    69 |    84 ||   224
       Passage of Golubr |       |       |       |       |       |     1 |     3 |       |       ||     4
       Deflect Missiles  |       |       |       |       |       |       |     2 |     4 |     1 ||     7
       Chain Lightning   |       |       |       |       |       |       |       |    80 |   120 ||   200
       Tornado           |       |       |       |       |       |       |       |    23 |     5 ||    28
       Controlled Blink  |       |       |       |       |       |       |       |       |     1 ||     1
Invok: Channel Energy    |       |       |       |   408 |   902 |   688 |   619 |   495 |   337 ||  3449
       Forget Spell      |       |       |       |       |       |     1 |     2 |     4 |       ||     7
 Abil: Evoke Flight      |       |       |       |     1 |     1 |       |     2 |     4 |       ||     8
       Stop Flying       |       |       |       |       |       |       |       |     4 |       ||     4
Evoke: Wand              |       |       |       |     1 |       |     5 |    13 |     2 |       ||    21
       Deck              |       |       |       |       |       |       |     1 |       |       ||     1
  Use: Scroll            |       |     3 |    10 |    10 |    13 |    12 |    17 |     5 |     1 ||    71
       Potion            |       |       |     8 |     5 |     3 |    12 |     2 |     3 |     2 ||    35
 Stab: Sleeping          |     5 |     1 |    10 |     2 |     1 |     1 |     3 |     2 |     2 ||    27
       Distracted        |       |     1 |     3 |     1 |     1 |     3 |     8 |     4 |       ||    21
       Confused          |       |       |     4 |     2 |       |       |       |       |       ||     6
       Invisible         |       |       |       |       |       |     1 |       |       |       ||     1
  Eat: Chunk             |     2 |     6 |    16 |   143 |   252 |   148 |   162 |   146 |    95 ||   970
       Royal jelly       |       |       |       |     2 |     3 |       |     1 |     1 |     2 ||     9
       Pizza             |       |       |       |     2 |     2 |     1 |       |     1 |       ||     6
       Fruit             |       |       |       |     3 |       |       |       |       |       ||     3
       Beef jerky        |       |       |       |     2 |       |     3 |     3 |     2 |     2 ||    12
       Meat ration       |       |       |       |     1 |     1 |     4 |     5 |     5 |     1 ||    17
